 Dungeon Crawl Stone Soup version 0.31-a0-66-ge618eeaa78 (webtiles) character file.

Game seed: 16082633458321790693

229 edwardauron the Ducker (level 5, 0/27 HPs)
             Began as a Spriggan Monk on May 23, 2023.
             Succumbed to a scorpion's poison
             ... on level 4 of the Dungeon.
             The game lasted 00:03:45 (2851 turns).

edwardauron the Ducker (Spriggan Monk)              Turns: 2851, Time: 00:03:46

Health: 0/27       AC:  4    Str:  7    XL:     5   Next: 71%
Magic:  7/7        EV: 22    Int: 17    God:
Gold:   275        SH:  0    Dex: 20    Spells: 3/6 levels left

rFire   . . .        a - +0 short sword
rCold   . . .        d - orb {light}
rNeg    . . .        b - +0 robe
rPois   .            (helmet restricted)
rElec   +            (no cloak)
rCorr   .            (gloves unavailable)
SInv    +            (boots unavailable)
Will    +....        q - amulet "Huogun" {Acrobat Rampage rElec Int+6}
Stlth   +            k - ring of willpower
HPRegen 0.24/turn    (no ring)
MPRegen 0.10/turn

%: acrobat, rampage
@: lethally poisoned (0 -> -4), glowing, very quick
A: very small, no large weapons, unfitting armour, see invisible, speed 3,
iridescent scales 1
a: no special abilities


You were on level 4 of the Dungeon.
You visited 1 branch of the dungeon, and saw 4 of its levels.

You collected 275 gold pieces.

Inventory:

Hand Weapons
 a - a +0 short sword (weapon)
Armour
 b - a +0 robe (worn)
 d - an orb of light (worn)
Magical Staves
 u - a staff of earth
Jewellery
 i - an amulet of reflection
 k - a ring of willpower (left hand)
 n - a +6 ring of intelligence
 q - the amulet "Huogun" (around neck) {Acrobat Rampage rElec Int+6}
   (You found it on level 3 of the Dungeon)

   [amulet of the acrobat]

   It increases your evasion while moving and waiting.
   Int:       It affects your intelligence (+6).
   rElec:     It insulates you from electricity.
   Rampage:   It bestows one free step when moving towards enemies.
 r - a ring of positive energy
Scrolls
 f - 2 scrolls of torment {unknown}
 g - 4 scrolls of identify {unknown}
 j - 4 scrolls of blinking {unknown}
 l - a scroll of enchant armour {unknown}
 t - a scroll of butterflies {unknown}
Potions
 c - a potion of ambrosia
 e - a potion of mutation
 h - a potion of curing
 m - 2 potions of magic {unknown}
 o - a potion of heal wounds {unknown}
 p - a potion of might {unknown}
 s - a potion of lignification {unknown}


   Skills:
 - Level 2.4 Fighting
 - Level 5.3 Short Blades
 + Level 6.7 Dodging
 + Level 1.1 Spellcasting


You had 3 spell levels left.
You knew the following spells:

 Your Spells              Type           Power      Damage    Failure   Level
a - Spider Form           Tmut/Pois      0%         N/A       56%         3

Your spell library contained the following spells:

 Spells                   Type           Power      Damage    Failure   Level
 Sandblast                Erth           0%         2d4       22%         1
 Slow                     Hex            0%         N/A       22%         1
 Ensorcelled Hibernation  Hex/Ice        0%         N/A       34%         2
 Passwall                 Tmut/Erth      0%         N/A       34%         2
 Static Discharge         Conj/Air       0%         2-2/arc   34%         2
 Confusing Touch          Hex            0%         N/A       54%         3
 Vampiric Draining        Necr           0%         2d6       54%         3
 Stone Arrow              Conj/Erth      0%         3d7       56%         3
 Airstrike                Air            0%         2d(0-16)  91%         4
 Anguish                  Hex/Necr       0%         N/A       92%         4
 Summon Lightning Spire   Summ/Air       0%         N/A       92%         4


Dungeon Overview and Level Annotations

Branches:
Dungeon (4/15)
 Temple: D:4-7

Altars:
Elyvilon
Sif Muna
Uskayaw
Xom
Zin


Innate Abilities, Weirdness & Mutations

You are very small and have problems with some larger weapons.
You are too small for most types of armour.
You have supernaturally acute eyesight. (SInv)
You cover ground extremely quickly. (Speed+++)
You are partially covered in iridescent scales. (AC +2)


Message History

You hit the scorpion but do no damage. The worm bites you.
You hit the scorpion but do no damage. The scorpion misses you.
You hit the scorpion.
The scorpion is lightly wounded.
The scorpion stings you.
You are poisoned.
The scorpion poisons you! The worm closely misses you.
You hit the scorpion but do no damage.
The scorpion is lightly wounded.
You feel sick. The scorpion stings you.
You are too injured to fight recklessly!
You are too injured to fight recklessly!
You are too injured to fight recklessly!
You are too injured to fight recklessly!
You are too injured to fight recklessly!
You are too injured to fight recklessly!
You are too injured to fight recklessly!
You are too injured to fight recklessly!
You are too injured to fight recklessly!
You are too injured to fight recklessly!
You are too injured to fight recklessly!
You are too injured to fight recklessly!
You are too injured to fight recklessly!
You are too injured to fight recklessly!
You hit the scorpion but do no damage.
The scorpion is lightly wounded.
You feel sick. The scorpion stings you.
* * * LOW HITPOINT WARNING * * *
The worm closely misses you.
You hit the scorpion.
The scorpion is lightly wounded.
* * * LOW HITPOINT WARNING * * *
You feel sick. The scorpion completely misses you.
You hit the scorpion but do no damage.
The scorpion is lightly wounded.
* * * LOW HITPOINT WARNING * * *
You feel sick. The scorpion misses you.
You puncture the scorpion!
The scorpion is heavily wounded.
You die...

############............##.#
#...............#
#.^......(....###
#................
##....############ #....#
#....# #..[.# #...@# ##.ws#
#(..# #...# #...# #####


You could see a worm and a scorpion.

Vanquished Creatures
  An orc priest (D:3)
  Jessica (D:3)
  An orc wizard (D:4)
  8 adders
  A worm (D:3)
  A dart slug (D:1)
  4 orcs
  4 ball pythons
  5 endoplasms
  2 giant cockroaches
  7 hobgoblins
  4 jackals (D:3)
  4 quokkas
  6 bats
  3 frilled lizards (D:2)
  7 goblins
  5 kobolds
  5 rats
69 creatures vanquished.

Notes
Turn   | Place    | Note
-------+----------+-------------------------------------------
     0 | D:1      | edwardauron the Spriggan Monk began the quest for the Orb.
     0 | D:1      | Reached XP level 1. HP: 11/11 MP: 2/2
   468 | D:1      | Reached XP level 2. HP: 16/16 MP: 3/3
   934 | D:2      | Found a glowing silver altar of Zin.
   965 | D:2      | Reached XP level 3. HP: 14/19 MP: 4/4
  1052 | D:2      | Reached skill level 5 in Dodging
  1305 | D:2      | Reached XP level 4. HP: 19/23 MP: 5/5
  1720 | D:3      | Noticed Jessica
  1735 | D:3      | Killed Jessica
  1822 | D:3      | Identified the amulet "Huogun" {Acrobat Rampage rElec
                  | Int+6}
  1862 | D:3      | Found a faded altar of an unknown god.
  1945 | D:3      | Found a white marble altar of Elyvilon.
  1985 | D:3      | Reached skill level 5 in Short Blades
  1985 | D:3      | Reached skill level 6 in Dodging
  2087 | D:3      | Reached XP level 5. HP: 27/27 MP: 6/6
  2110 | D:3      | Gained mutation: You are partially covered in iridescent
                  | scales. (AC +2) [potion of mutation]
  2264 | D:3      | Found a hide-covered altar of Uskayaw.
  2461 | D:3      | Found a shimmering altar of Xom.
  2466 | D:3      | Found a shimmering blue altar of Sif Muna.
  2691 | D:3      | Learned a level 3 spell: Spider Form
  2734 | D:4      | Reached skill level 1 in Spellcasting
  2850 | D:4      | HP: 1/27 [poisoned by a scorpion]
  2851 | D:4      | Succumbed to a scorpion's poison

Illustrated notes

Levels and vault maps discovered:
D:1:      dpeg_arrival_central, layout_loops_ring, serial_bayou_lake_a
D:2:      layout_basic, basic_altar, minmay_tall_x
D:3:      layout_loops_ring, nicolae_uskayaw_dance_hall, minitemple,
          nicolae_overflow_ecumenical_swirl, st_stairs_3, minmay_misc_feat_five,
          dk_vineyard_3, kennysheep_generic_room_13, uniq_jessica
D:4:      layout_basic, nemelex_dance_club_becter, uniq_natasha, uniq_eustachio

Skill      XL: |  1  2  3  4  5 |
---------------+----------------+-----
Short Blades   | 4 5 |  5.3
Dodging        | 5 6 |  6.7
Spellcasting   | 1 |  1.1
Fighting       | |  2.4

Action                     |  1- 3 |  4- 6 || total
---------------------------+-------+-------++-------
  Melee: Short sword       |   145 |   152 ||   297
    Use: Potion            |       |     3 ||     3
 Armour: Robe              |     5 |     5 ||    10
  Dodge: Dodged            |    98 |   101 ||   199
  Block: Orb               |    10 |    10 ||    20

Table legend: (Time is in decaauts)
 A = Elapsed time spent in this place.
 B = Non-inter-level travel time spent in this place.
 C = Inter-level travel time spent in this place.
 D = Time resting spent in this place.
 E = Time spent auto-exploring this place.
 F = Levels seen in this place.
 G = Mean time per level.
                   A        B        C        D        E       F      G
               +--------+--------+--------+--------+--------+-----+--------+
         Total |   2021 |   1971 |     50 |    306 |   1195 |   4 |  505.2 |
       Dungeon |   2021 |   1971 |     50 |    306 |   1195 |   4 |  505.2 |
               +--------+--------+--------+--------+--------+-----+--------+

Top non-repeatable levels by time:
     D:3: 817 daAuts
     D:1: 652 daAuts
     D:2: 437 daAuts
     D:4: 114 daAuts
